 Dungeon Crawl Stone Soup version 0.29.1-15-g9cfb28693d (webtiles) character file.

Game seed: 15840149842554165067

204 Heoruswealwe the Magician (level 5, -5/28 HPs)
             Began as a Deep Elf Earth Elementalist on Apr 16, 2023.
             Was a Believer of Vehumet.
             Killed by divine providence
             ... invoked by an orc priest
              (13 damage)
             ... on level 4 of the Dungeon.
             The game lasted 00:17:05 (1636 turns).

Heoruswealwe the Magician (DEEE)                    Turns: 1636, Time: 00:17:08

Health: -5/28      AC:  3    Str: 11    XL:     5   Next: 52%
Magic:  9/15       EV: 12    Int: 22    God:    Vehumet [**....]
Gold:   56         SH:  0    Dex: 15    Spells: 5/15 levels left

rFire   . . .      SeeInvis .   d - +1 hand axe (vorpal)
rCold   . . .      Faith    .   (no shield)
rNeg    . . .      Spirit   .   j - +0 robe
rPois   .          Reflect  .   (no helmet)
rElec   .          Harm     .   (no cloak)
rCorr   .          Rampage  .   i - +0 pair of gloves
Will    .....                   (no boots)
Stlth   ++........              (no amulet)
HPRegen 0.09/turn               h - +6 ring of strength
MPRegen 0.14/turn               (no ring)

@: no status effects
A: no striking features
a: Renounce Religion


You were on level 4 of the Dungeon.
You worshipped Vehumet.
Vehumet was pleased with you.
You visited 1 branch of the dungeon, and saw 4 of its levels.

You collected 56 gold pieces.

Inventory:

Hand Weapons
 d - a +1 vorpal hand axe (weapon)
Armour
 i - a +0 pair of gloves (worn)
 j - a +0 robe (worn)
Jewellery
 h - a +6 ring of strength (left hand)
Scrolls
 c - a scroll of teleportation
 e - a scroll of poison {unknown}
Potions
 b - a potion of magic
 g - 2 potions of brilliance {unknown}
 k - a potion of curing {unknown}
 l - a potion of lignification {unknown}
 m - a potion of invisibility {unknown}
 n - a potion of berserk rage {unknown}
 o - a potion of haste {unknown}


   Skills:
 - Level 2.4 Dodging
 - Level 2.4 Stealth
 + Level 5.9 Spellcasting
 - Level 1.1 Transmutations
 + Level 5.4 Earth Magic


You had 5 spell levels left.
You knew the following spells:

 Your Spells              Type           Power      Damage    Failure   Level
a - Sandblast             Erth           60%        2d14      1%          1
b - Stone Arrow           Conj/Erth      36%        3d9       9%          3
c - Petrify               Tmut/Erth      20%        N/A       24%         4
z - Passwall              Tmut/Erth      16%        N/A       3%          2

Your spell library contained the following spells:

 Spells                   Type           Power      Damage    Failure   Level
 Static Discharge         Conj/Air       6%         3-4/arc   14%         2
 Apportation              Tloc           12%        N/A       10%         1
 Slow                     Hex            24%        N/A       10%         1
 Confusing Touch          Hex            6%         N/A       28%         3
 Vampiric Draining        Necr           6%         2d6       28%         3


Dungeon Overview and Level Annotations

Branches:
Dungeon (3/15)

Altars:
Vehumet


Message History

The orc priest shouts!
An iguana comes into view.
The orc wizard gestures at you while chanting.
You resist with some effort.
The iguana hisses angrily.
The orc shouts!
The blast of sand hits the orc priest!
The orc priest is almost dead.
The orc priest invokes the aid of Beogh against you.
Beogh smites you!
The orc wizard gestures at you while chanting.
You resist with some effort.
The blast of sand hits the iguana!
The iguana is heavily wounded.
The blast of sand hits the iguana but does no damage.
The iguana is heavily wounded.
The blast of sand hits the iguana.
The iguana is severely wounded.
The iguana closely misses you.
The blast of sand misses the iguana.
The iguana bites you!
* * * LOW HITPOINT WARNING * * *
The iguana misses you.
Casting: Sandblast (safe; 1% risk of failure)
Confirm with . or Enter, or press ? or * to list all spells.
Aiming: Sandblast (safe; 1% risk of failure)
Press: ? - help, Shift-Dir - straight line, f/p - iguana
Aim: an iguana (severely wounded, 85% to hit)
The blast of sand hits the iguana!
You kill the iguana!
Vehumet accepts your kill.
Casting: Sandblast (safe; 1% risk of failure)
Confirm with . or Enter, or press ? or * to list all spells.
Aiming: Sandblast (safe; 1% risk of failure)
Press: ? - help, Shift-Dir - straight line, f - orc wizard
Aim: an orc wizard, wielding a +0 dagger and wearing a +0 robe (80% to hit)
The blast of sand hits the orc wizard!
The orc wizard is heavily wounded.
The orc priest invokes the aid of Beogh against you.
Beogh smites you!
You die...

##. ###.#.......# #.#
.. .. .....<...#
##.## ..#. #......o.#
...# .#. #...oo...#
#..# .. #o.o.....#
##..# # #. #oo......#
#...#
#.#.##.##.#########
#.#.# #.......o.#####
#.##.#.#
######....o@..#
#......#
#..#####.########.###
#..# #....†....(#
#..# #..#########
##.# #..# #.#####..#
#.......## #########


You could see an orc priest and an orc wizard.

Vanquished Creatures
  Jessica (D:2)
  An iguana (D:4)
  Natasha (thrice) (D:2)
  3 adders
  3 worms (D:2)
  2 dart slugs (D:2)
  3 endoplasms
  3 giant cockroaches (D:1)
  3 goblins
  4 hobgoblins
  5 kobolds
  5 ball pythons
  2 bats (D:1)
  2 frilled lizards (D:1)
  4 rats
44 creatures vanquished.

Vanquished Creatures (others)
  A fungus (D:1)
  2 plants (D:1)
3 creatures vanquished.

Grand Total: 47 creatures vanquished

Notes
Turn   | Place    | Note
-------+----------+-------------------------------------------
     0 | D:1      | Heoruswealwe the Deep Elf Earth Elementalist began the
                  | quest for the Orb.
     0 | D:1      | Reached XP level 1. HP: 10/10 MP: 6/6
   283 | D:1      | Reached XP level 2. HP: 8/15 MP: 2/8
   356 | D:1      | Learned a level 2 spell: Passwall
   602 | D:1      | Found a faded altar of an unknown god.
   611 | D:1      | Got Plato's Vellum of Transposition
   614 | D:1      | Prayed at the altar of an unknown god.
   614 | D:1      | Became a worshipper of Vehumet
   614 | D:1      | Reached * piety under Vehumet
   614 | D:1      | Offered knowledge of Shock by Vehumet.
   982 | D:2      | Noticed Jessica
   987 | D:2      | Killed Jessica
   988 | D:2      | Reached XP level 3. HP: 19/19 MP: 6/10
   992 | D:2      | Learned a level 3 spell: Stone Arrow
  1017 | D:2      | Reached XP level 4. HP: 24/24 MP: 5/12
  1023 | D:2      | Learned a level 4 spell: Petrify
  1121 | D:2      | Noticed Natasha
  1124 | D:2      | Killed Natasha
  1125 | D:2      | Reached skill level 5 in Spellcasting
  1163 | D:2      | Offered knowledge of Static Discharge by Vehumet.
  1196 | D:2      | Reached ** piety under Vehumet
  1249 | D:2      | Noticed Natasha
  1254 | D:2      | Killed Natasha
  1255 | D:2      | Reached skill level 5 in Earth Magic
  1255 | D:2      | Reached XP level 5. HP: 17/28 MP: 8/14
  1390 | D:2      | Noticed Natasha
  1394 | D:2      | Killed Natasha
  1591 | D:3      | You fall into a shaft and drop 1 floor!
  1636 | D:4      | Killed from afar by an orc priest

Illustrated notes

Levels and vault maps discovered:
D:1:      dpeg_arrival_ternary, layout_basic,
          shapermc_ecumenical_altar_rom_forum, minmay_tetromino_l2
D:2:      layout_basic, uniq_natasha, uniq_jessica
D:3:      layout_loops_ring, cheibrodos_ashenzari_chains,
          mainiacjoe_overflow_24_doors, serial_shops, shop, feat_on_display
D:4:      layout_loops_cross, mainiacjoe_overflow_cross_hatched,
          minmay_temple_entry_butterflies

Skill      XL: |  1  2  3  4 |
---------------+-------------+-----
Spellcasting   | 4 5 |  5.9
Earth Magic    | 4 5 |  5.4
Dodging        | |  2.4
Stealth        | |  2.4
Transmutations | |  1.1

Action                   |  1- 3 |  4- 6 || total
-------------------------+-------+-------++-------
Melee: Unarmed           |    13 |       ||    13
 Cast: Sandblast         |    39 |    32 ||    71
       Passwall          |     3 |     1 ||     4
  Use: Scroll            |     1 |     2 ||     3
Armor: Robe              |    14 |     1 ||    15
Dodge: Dodged            |    30 |     3 ||    33
